 Dungeon Crawl Stone Soup version 0.21-a0-521-g1cd18d1 (webtiles) character file.

21 Gerstahl the Chopper (level 2, -1/26 HPs)
             Began as a Draconian Gladiator on Dec 5, 2017.
             Slain by an orc wizard
             ... wielding a +0 dagger
              (2 damage)
             ... on level 2 of the Dungeon.
             The game lasted 00:01:17 (558 turns).

Gerstahl the Chopper (Draconian Gladiator)           Turns: 558, Time: 00:01:17

Health: -1/26      AC:  4    Str: 16    XL:     2   Next: 62%
Magic:  2/2        EV: 13    Int:  8    God:
Gold:   60         SH:  0    Dex: 12    Spells: 1/1 levels left

rFire    . . .     SeeInvis .   a - +0 war axe
rCold    . . .     Gourm    .   (no shield)
rNeg     . . .     Faith    .   (armour unavailable)
rPois    .         Spirit   .   b - +0 hat
rElec    .         Reflect  .   (no cloak)
rCorr    .         Harm     .   (no gloves)
MR       .....                  (no boots)
Stlth    +.........             (no amulet)
HPRegen  0.08/turn              (no ring)
MPRegen  0.08/turn              (no ring)

@: no status effects
A: unfitting armour, cold-blooded, AC +4
a: no special abilities


You were on level 2 of the Dungeon.
You were not hungry.

You visited 1 branch of the dungeon, and saw 2 of its levels.

You collected 60 gold pieces.

Inventory:

Hand Weapons
 a - a +0 war axe (weapon)
Missiles
 c - 3 throwing nets (quivered)
Armour
 b - a +0 hat (worn)
Jewellery
 f - an uncursed ring of flight {unknown}
Scrolls
 g - a scroll of remove curse {unknown}
 h - a scroll of identify {unknown}
 i - a scroll of teleportation {unknown}
 k - a scroll of blinking {unknown}
 m - a scroll of enchant weapon {unknown}
 n - a scroll of amnesia {unknown}
 o - a scroll of magic mapping {unknown}
Potions
 e - a potion of heal wounds {unknown}
 j - a potion of degeneration {unknown}
 l - a potion of berserk rage {unknown}
 p - a potion of flight {unknown}
Comestibles
 d - a bread ration


   Skills:
 + Level 3.0 Fighting
 + Level 3.5 Axes
 - Level 1.7 Throwing
 - Level 2.6 Dodging


You had one spell level left.
You didn't know any spells.

Dungeon Overview and Level Annotations

Branches:
Dungeon (2/15)

Altars:


Innate Abilities, Weirdness & Mutations

Your plain brown scales are hard. (AC +4)
You cannot fit into any form of body armour.
You are cold-blooded and may be slowed by cold attacks.


Message History

Your Fighting skill increases to level 3!
The orc wizard mumbles some strange words.
The orc wizard seems to speed up.
You hit the orc wizard but do no damage.
Your tail-slap misses the orc wizard.
The orc wizard gestures at you while chanting.
The puff of frost hits you! The orc wizard barely misses you.
You closely miss the orc wizard. The orc wizard closely misses you.
The orc wizard completely misses you.
You barely miss the orc wizard.
The orc wizard hits you but does no damage.
The orc wizard casts a spell at you. The magic dart hits you!
* * * LOW HITPOINT WARNING * * *
You slash the orc wizard!
Your tail-slap misses the orc wizard.
The orc wizard is heavily wounded.
The orc wizard hits you with a dagger.
* * * LOW HITPOINT WARNING * * *
The orc wizard hits you with a dagger.
You die...

###.##.#### #....#
#.# ####(# #K# #K#
... #.# ... #.#
..... ##.# .....
##.#.## #.....#
#o###.# .##
######@#.## ...
..# ##.## #.# #.#
#.#
######.####.####.#
......##........#
..##.##.#.######
#.##.##.#.#
#.##......#
#.##.......###


You could see an orc wizard.

Vanquished Creatures
  An adder (D:2)
  2 bats
  A hobgoblin (D:1)
  2 jackals (D:1)
  A kobold (D:2)
  A ball python (D:1)
  A frilled lizard (D:1)
  3 rats (D:1)
12 creatures vanquished.

Notes
Turn   | Place    | Note
-------+----------+-------------------------------------------
     0 | D:1      | Gerstahl the Draconian Gladiator began the quest for the Orb.
     0 | D:1      | Reached XP level 1. HP: 17/17 MP: 1/1
   277 | D:1      | Reached XP level 2. HP: 20/25 MP: 2/2
   558 | D:2      | HP: 1/26 [orc wizard/dagger (1)]
   558 | D:2      | Slain by an orc wizard

Vault maps used:
D:1:      scummos_arrival_gate

Skill      XL: |  1  2 |
---------------+-------+-----
Fighting       | 3 |  3.0
Axes           | |  3.5
Throwing       | |  1.7
Dodging        | |  2.6

Action                   || total
-------------------------++-------
Melee: War axe           ||    47
       Tailslap          ||     2
 Stab: Sleeping          ||     2
Armor: Skin              ||    23
Dodge: Dodged            ||    54

Table legend:
 A = Spawn XP
 B = Non-spawn XP
 C = Spawn XP percentage of total XP
 D = Spawn monster count
 E = Non-spawn monster count
 F = Spawn count percentage of total count
 G = Total turns spent on level
                    A         B        C        D         E        F      G
               +---------+---------+-------+---------+---------+-------+---------
         Total |       0 |      30 |   0.0 |       0 |      12 |   0.0 |   558
               +---------+---------+-------+---------+---------+-------+---------
           D:1 |       0 |      13 |   0.0 |       0 |       9 |   0.0 |   477
           D:2 |       0 |      17 |   0.0 |       0 |       3 |   0.0 |    81
               +---------+---------+-------+---------+---------+-------+---------
